 Dungeon Sprint DCSS version 0.28-a0-224-g76b539d98b (webtiles) character file.

Game seed: 4470241621691583887

9290 Conn the Arsonist (level 11, -2/105 HPs)
             Began as an Octopode Fire Elementalist on Aug 21, 2021.
             Was the Champion of Sif Muna.
             Killed from afar by a hell hound (5 damage)
             ... with a blast of flame
             ... led by Azrael
             ... in the Dungeon (Sprint VII: "The Pits").
             The game lasted 00:21:32 (2621 turns).

Conn the Arsonist (Octopode Fire Elementalist)      Turns: 2621, Time: 00:21:33

Health: -2/105     AC:  1    Str: 11    XL:     11   Next: 44%
Magic:  2/27       EV: 22    Int: 25    God:    Sif Muna [******]
Gold:   0          SH:  0    Dex: 13    Spells: 1/34 levels left

rFire   + . .      SeeInvis .   o - +2 scimitar "Hiegg" {vorpal, Will- Str+3 Int+5}
rCold   + . .      Faith    .   (no shield)
rNeg    . . .      Spirit   .   (helmet restricted)
rPois   +          Reflect  .   (no amulet)
rElec   +          Harm     .   k - +3 ring of evasion
rCorr   +          Rampage  .   l - +3 ring of evasion
Will    .....      NoTele   +   (no ring)
Stlth   ..........              (no ring)
HPRegen 0.27/turn               (no ring)
MPRegen 0.20/turn               (no ring)
                                (no ring)
                                (no ring)

@: mighty, berserking, resistant, very slightly contaminated, hasted, invisible,
very quick
A: almost no armour, amphibious, 8 rings, camouflage 1, gelatinous body 1,
(nimble swimmer 1), tentacles
a: Renounce Religion, Channel Magic, Forget Spell, Divine Exegesis


You were in the Dungeon.
You worshipped Sif Muna.
Sif Muna was exalted by your worship.
You visited 1 branch

Inventory:

Hand Weapons
 g - a +0 short sword of draining
 o - the +2 scimitar "Hiegg" (weapon) {vorpal, Will- Str+3 Int+5}
   (You found it in the Dungeon)

   It inflicts extra damage upon your enemies.
   Str:       It affects your strength (+3).
   Int:       It affects your intelligence (+5).
   Will:      It decreases your willpower.
Jewellery
 k - a +3 ring of evasion (left tentacle)
 l - a +3 ring of evasion (right tentacle)
Scrolls
 f - a scroll of blinking
 i - 4 scrolls of amnesia
 j - a scroll of summoning
Potions
 a - 8 potions of curing
 b - 5 potions of heal wounds
 c - 2 potions of haste
 d - 3 potions of magic
 e - 2 potions of berserk rage
 n - a potion of might


   Skills:
 + Level 4.7 Fighting
 + Level 6.5 Long Blades
 + Level 8.7 Dodging
 + Level 7.9 Stealth
 + Level 12.3 Spellcasting
 * Level 11.5 Conjurations
 + Level 5.6 Hexes
 + Level 14.4 Fire Magic
 + Level 0.3 Earth Magic
 - Level 5.0 Poison Magic
 - Level 7.0 Invocations


You had one spell level left.
You knew the following spells:

 Your Spells              Type           Power      Damage    Failure   Level
a - Foxfire               Conj/Fire      100%       2x1d9     1%          1
b - Bolt of Magma         Conj/Fire/Erth 28%        4d13      3%          5
c - Inner Flame           Hex/Fire       60%        N/A       1%          3
d - Sticky Flame          Conj/Fire      69%        2d8       1%          4
e - Fireball              Conj/Fire      34%        3d14      1%          5
f - Ignition              Fire           36%        3d11      54%         8
g - Olgreb's Toxic Radia  Pois           40%        N/A       4%          4
h - Ignite Poison         Fire/Tmut/Pois 47%        N/A       1%          3

Your spell library contained the following spells:

 Spells                   Type           Power      Damage    Failure   Level
 Corona                   Hex            47%        N/A       1%          1
 Animate Skeleton         Necr           30%        N/A       3%          1
 Pain                     Necr           60%        1d7       3%          1
 Conjure Flame            Conj/Fire      69%        6-21      1%          3
 Tukima's Dance           Hex            43%        N/A       1%          3
 Passwall                 Tmut/Erth      13%        N/A       5%          2
 Irradiate                Conj/Tmut      22%        3d21      10%         5
 Swiftness                Air            15%        N/A       12%         3
 Vampiric Draining        Necr           7%         2d7       12%         3
 Leda's Liquefaction      Hex/Erth       15%        N/A       12%         4
 Petrify                  Tmut/Erth      16%        N/A       36%         4
 Invisibility             Hex            21%        N/A       50%         6
 Simulacrum               Ice/Necr       7%         N/A       99%         6
 Statue Form              Tmut/Erth      10%        N/A       99%         6
 Ozocubu's Refrigeration  Ice            7%         4d6       100%        7
 Fire Storm               Conj/Fire      34%        8d9       100%        9


Dungeon Overview and Level Annotations

Branches:
Dungeon (1/1)

Altars:
Ashenzari
Cheibriados
Dithmenos
Elyvilon
Fedhas
Gozag
Hepliaklqana
Kikubaaqudgha
Makhleb
Nemelex Xobeh
Okawaru
Qazlal
Ru
Sif Muna
Trog
Uskayaw
Vehumet
Wu Jian
Xom
Yredelemnul
Zin
The Shining One
Beogh
Jiyva
Lugonu


Innate Abilities, Weirdness & Mutations

You cannot wear most types of armour.
You are amphibious.
You can wear up to eight rings at the same time.
Your skin changes colour to match your surroundings (Stealth+).
Your rubbery body absorbs attacks. (AC +1, EV +1)
((You are camouflaged near water. (Stealth+)))
You have tentacles for arms and can constrict up to eight enemies at once.


Message History

A hell hound comes into view.
Azrael gestures at you.
The fireball explodes!
The fireball engulfs you!! You resist.
* * * LOW HITPOINT WARNING * * *
The fireball engulfs the fire elemental.
The fire elemental completely resists.
The fireball engulfs Azrael.
Azrael completely resists.
The fireball engulfs the hell hound.
The hell hound completely resists.
The fireball engulfs the fire elemental.
The fire elemental completely resists.
The fire elemental closely misses you. The hell hound barely misses you.
You riposte.
The hell hound barks!
You slash the hell hound!
You kill the hell hound!
Sif Muna accepts your kill. The fire elemental misses you.
You hit Azrael.
Azrael is severely wounded.
Azrael misses you.
You riposte.
You slash Azrael! Your squeeze misses Azrael.
Azrael is almost dead.
The fire elemental barely misses you.
You catch the helpless Azrael completely off-guard!
You slash Azrael!
You kill Azrael!
Sif Muna accepts your kill. The fire elemental misses you.
The fire elemental completely misses you.
You riposte.
You slash the fire elemental!
You destroy the fire elemental!
Sif Muna accepts your kill.
You slash the fire elemental!
The fire elemental is heavily damaged.
The fire elemental hits you.
* * * LOW HITPOINT WARNING * * *
The fire elemental burns you! You resist.
* * * LOW HITPOINT WARNING * * *
The hell hound breathes flames at you.
The blast of flame hits the fire elemental.
The fire elemental completely resists.
The blast of flame hits you. You resist.
You die...

# # # ###########++##########
##.............)@.##..#
##......#..#..○E†.##..#
##................++..#
.'..............☼.++≈.########
##......#..#h....)##≈≈...).†..
##................##≈≈........
#####'#####'E#################
##.......##'☼##############
##.......##.○☼...#...4....#


You could see 2 fire elementals and a hell hound (catching breath).

Vanquished Creatures
  Polyphemus (D)
  Azrael (D)
  A merfolk aquamancer (D)
  A death yak (D)
  A phantasmal warrior (D)
  An orc knight (D)
  An orange demon (D)
  A rime drake (D)
  A freezing wraith (D)
  A troll (D)
  A merfolk (D)
  8 blink frogs (D)
  A flying skull (D)
  A ynoxinul (D)
  A wyvern (D)
  2 water elementals (D)
  A basilisk (D)
  A fire elemental (D)
  A hell hound (D)
  A floating eye (D)
  An orc warrior (D)
  2 ice beasts (D)
  A centaur (D)
  A phantom (D)
  A kobold brigand (D)
  2 bullfrogs (D)
  A scorpion (D)
  3 killer bees (D)
  A quasit (D)
  2 orc wizards (D)
  Terence (D)
  2 gnolls (D)
  2 ufetubi (D)
  An adder skeleton (D)
  5 orcs (D)
  2 endoplasms (D)
  A giant cockroach (D)
  A hobgoblin (D)
  A bat (D)
  A kobold (D)
  A rat (D)
61 creatures vanquished.

Vanquished Creatures (others)
  Gastronok (D)
  A basilisk (D)
  114 foxfires (D)
116 creatures vanquished.

Grand Total: 177 creatures vanquished

Notes
Turn   | Place    | Note
-------+----------+-------------------------------------------
     0 | D        | Conn the Octopode Fire Elementalist began the quest for the
                  | Orb.
     0 | D        | Reached XP level 1. HP: 11/11 MP: 3/3
    47 | D        | Found a bloodstained altar of Trog.
    47 | D        | Found a shimmering blue altar of Sif Muna.
    47 | D        | Found a viscous altar of Jiyva.
    47 | D        | Found a hazy altar of Hepliaklqana.
    47 | D        | Found an opulent altar of Gozag.
    48 | D        | Found a glowing golden altar of the Shining One.
    48 | D        | Found a glowing silver altar of Zin.
    48 | D        | Found a basalt altar of Yredelemnul.
    48 | D        | Found a shimmering altar of Xom.
    48 | D        | Found an ornate altar of the Wu Jian Council.
    48 | D        | Found a sacrificial altar of Ru.
    48 | D        | Found a stormy altar of Qazlal.
    48 | D        | Found an iron altar of Okawaru.
    48 | D        | Found a sparkling altar of Nemelex Xobeh.
    48 | D        | Found a burning altar of Makhleb.
    48 | D        | Found a blossoming altar of Fedhas.
    48 | D        | Found a white marble altar of Elyvilon.
    48 | D        | Found a shadowy altar of Dithmenos.
    48 | D        | Found a snail-covered altar of Cheibriados.
    50 | D        | Found a corrupted altar of Lugonu.
    50 | D        | Found a radiant altar of Vehumet.
    51 | D        | Found an ancient bone altar of Kikubaaqudgha.
    51 | D        | Found a hide-covered altar of Uskayaw.
    51 | D        | Found a broken altar of Ashenzari.
    52 | D        | Became a worshipper of Sif Muna the Loreminder
    77 | D        | Noticed a scorpion
    81 | D        | Killed a scorpion
    82 | D        | Reached skill level 6 in Fire Magic
    82 | D        | Reached XP level 2. HP: 14/17 MP: 0/6
    82 | D        | Reached XP level 3. HP: 18/21 MP: 0/8
    82 | D        | Reached XP level 4. HP: 23/27 MP: 0/9
   192 | D        | Noticed a floating eye
   195 | D        | Killed a floating eye
   195 | D        | Reached * piety under Sif Muna
   196 | D        | Reached skill level 5 in Stealth
   196 | D        | Reached skill level 8 in Fire Magic
   196 | D        | Reached XP level 5. HP: 31/31 MP: 10/12
   206 | D        | Reached skill level 5 in Spellcasting
   265 | D        | Learned a level 3 spell: Conjure Flame
   269 | D        | Learned a level 3 spell: Inner Flame
   274 | D        | Learned a level 4 spell: Sticky Flame
   279 | D        | Reached ** piety under Sif Muna
   335 | D        | Noticed a kobold brigand
   341 | D        | Reached *** piety under Sif Muna
   346 | D        | Killed a kobold brigand
   347 | D        | Reached skill level 5 in Dodging
   347 | D        | Reached skill level 9 in Fire Magic
   347 | D        | Reached XP level 6. HP: 30/36 MP: 6/14
   356 | D        | Noticed an orc warrior
   395 | D        | Killed an orc warrior
   395 | D        | Reached **** piety under Sif Muna
   396 | D        | Reached skill level 1 in Fighting
   396 | D        | Reached skill level 10 in Fire Magic
   403 | D        | Reached XP level 7. HP: 14/43 MP: 5/16
   643 | D        | Learned a level 5 spell: Fireball
   643 | D        | Noticed Terence
   648 | D        | Killed Terence
   716 | D        | Noticed an orc knight
   802 | D        | Killed an orc knight
   803 | D        | Reached skill level 5 in Conjurations
   803 | D        | Reached skill level 1 in Hexes
   803 | D        | Reached skill level 11 in Fire Magic
   803 | D        | Reached XP level 8. HP: 17/48 MP: 0/20
  1014 | D        | Reached ***** piety under Sif Muna
  1015 | D        | Received a gift from Sif Muna
  1134 | D        | Noticed a troll
  1151 | D        | Killed a troll
  1295 | D        | Received a gift from Sif Muna
  1536 | D        | Got the +2 scimitar "Hiegg" {vorpal, Will- Str+3 Int+5}
  1601 | D        | Learned a level 8 spell: Ignition
  1601 | D        | Noticed a flying skull
  1603 | D        | Reached skill level 1 in Invocations
  1614 | D        | Killed a flying skull
  1615 | D        | Reached skill level 12 in Fire Magic
  1740 | D        | Reached XP level 9. HP: 53/54 MP: 17/22
  1751 | D        | Noticed a death yak
  1751 | D        | Noticed a phantasmal warrior
  1760 | D        | Killed a phantasmal warrior
  1761 | D        | Reached skill level 1 in Long Blades
  1766 | D        | Killed a death yak
  1767 | D        | Reached skill level 10 in Spellcasting
  1767 | D        | Reached skill level 5 in Invocations
  1909 | D        | Received a gift from Sif Muna
  1917 | D        | Got Sif Muna's Tome of Transmutation and Curses {god gift}
  2028 | D        | Noticed Azrael
  2044 | D        | Reached XP level 10. HP: 39/63 MP: 12/24
  2047 | D        | Received a gift from Sif Muna
  2048 | D        | Reached skill level 13 in Fire Magic
  2048 | D        | Got Sif Muna's Incunabulum of Ashen Heat {god gift}
  2052 | D        | Reached ****** piety under Sif Muna
  2166 | D        | Learned a level 4 spell: Olgreb's Toxic Radiance
  2182 | D        | Reached skill level 1 in Poison Magic
  2341 | D        | Learned a level 3 spell: Ignite Poison
  2357 | D        | Noticed Polyphemus
  2368 | D        | Noticed an orange demon
  2370 | D        | Killed Polyphemus
  2370 | D        | Received a gift from Sif Muna
  2371 | D        | Reached skill level 5 in Long Blades
  2371 | D        | Reached skill level 10 in Conjurations
  2371 | D        | Reached skill level 5 in Hexes
  2371 | D        | Reached skill level 5 in Poison Magic
  2447 | D        | Killed Gastronok
  2494 | D        | Reached XP level 11. HP: 70/70 MP: 20/26
  2500 | D        | Learned a level 5 spell: Bolt of Magma
  2507 | D        | Noticed a merfolk aquamancer
  2511 | D        | Killed a merfolk aquamancer
  2512 | D        | Reached skill level 14 in Fire Magic
  2534 | D        | Received a gift from Sif Muna
  2535 | D        | Got Cigotuvi's Reference Book on Shifting Sinister Rituals
                  | {god gift}
  2620 | D        | Killed Azrael
  2621 | D        | HP: 3/105 [fire elemental[Azrael] (5)]
  2621 | D        | Killed from afar by a hell hound

Illustrated notes

Levels and vault maps discovered:
D:        pitsprint [storerooms_1, entrance_room_1, metal_vault_6, armoury_2,
          mini_pit_1, grid_room_1, main_hall_1, silver_pit, the_coven_3,
          the_vestibule_1, steel_vault_5, golden_pit, hallway_of_sentries,
          crystal_vault_4, iron_vault_2, final_vault]

Skill      XL: |  1  2  3  4  5  6  7  8  9 10 11 |
---------------+----------------------------------+-----
Stealth        | 4 5 6 7 |  7.9
Dodging        | 3 4 5 6 7 8 |  8.7
Spellcasting   | 3 4 5 6 8 9 10 11 12 | 12.3
Fire Magic     | 6 8 9 10 11 12 13 14 | 14.4
Conjurations   | 2 3 5 7 8 10 11 | 11.5
Fighting       | 1 3 4 |  4.7
Hexes          | 1 2 3 5 |  5.6
Invocations    | 2 6 7 |  7.0
Long Blades    | 3 5 6 |  6.5
Poison Magic   | 5 |  5.0
Earth Magic    | |  0.3

Action                   |  1- 3 |  4- 6 |  7- 9 | 10-12 || total
-------------------------+-------+-------+-------+-------++-------
Melee: Short sword       |     3 |     8 |    16 |       ||    27
       Constrict         |     1 |     3 |     6 |     4 ||    14
       Tentacles         |     1 |     1 |     5 |     2 ||     9
       Scimitar          |       |       |    10 |    20 ||    30
 Cast: Foxfire           |     6 |    32 |    14 |    18 ||    70
       Inner Flame       |       |     1 |     6 |     9 ||    16
       Conjure Flame     |       |     1 |     1 |       ||     2
       Sticky Flame      |       |       |    12 |     3 ||    15
       Fireball          |       |       |     7 |     9 ||    16
       Olgreb's Toxic Ra |       |       |       |     3 ||     3
       Bolt of Magma     |       |       |       |     2 ||     2
Invok: Channel Magic     |       |       |       |     1 ||     1
  Use: Potion            |     1 |     1 |     3 |     5 ||    10
       Scroll            |       |       |       |     1 ||     1
 Stab: Sleeping          |       |       |     2 |       ||     2
       Invisible         |       |       |       |     3 ||     3
Armor: Skin              |       |       |       |     1 ||     1
Dodge: Dodged            |     4 |     7 |    32 |    44 ||    87
       Rpst.: Scimitar   |       |       |     9 |    10 ||    19

Table legend: (Time is in decaauts)
 A = Elapsed time spent in this place.
 B = Non-inter-level travel time spent in this place.
 C = Inter-level travel time spent in this place.
 D = Time resting spent in this place.
 E = Time spent auto-exploring this place.
 F = Levels seen in this place.
 G = Mean time per level.
                   A        B        C        D        E       F      G
               +--------+--------+--------+--------+--------+-----+--------+
         Total |   2646 |   2646 |      0 |   1741 |      0 |   1 | 2646.0 |
       Dungeon |   2646 |   2646 |      0 |   1741 |      0 |   1 | 2646.0 |
               +--------+--------+--------+--------+--------+-----+--------+

Top non-repeatable levels by time:
       D: 2646 daAuts
